 Dungeon Crawl Stone Soup version 0.19.0-20-gbc5f0c6 (webtiles) character file.

18 M4edhros the Grave Robber (level 2, -3/17 HPs)
             Began as an Octopode Necromancer on Nov 17, 2016.
             Killed from afar by an orc wizard (5 damage)
             ... with a magic dart
             ... on level 3 of the Dungeon.
             The game lasted 00:02:37 (320 turns).

M4edhros the Grave Robber (Octopode Necromancer)     Turns: 320, Time: 00:02:38

Health: -3/17      AC:  1    Str:  7    XL:     2   Next: 66%
Magic:  3/5        EV: 17    Int: 17    God:
Gold:   0          SH:  0    Dex: 12    Spells: 1 memorised, 4 levels left

rFire  + . .     SeeInvis .       - Unarmed
rCold  x . .     Gourm    .     (no shield)
rNeg   . . .     Faith    .     (helmet restricted)
rPois  .         Spirit   .     (no amulet)
rElec  .         Reflect  .     f - +4 ring of evasion
rCorr  .         Harm     .     i - ring of fire
MR     .....                    (no ring)
Stlth  ++++......               (no ring)
                                (no ring)
                                (no ring)
                                (no ring)
                                (no ring)

@: no status effects
A: almost no armour, stealthy swim, amphibious, 8 rings, constrict 8, camouflage
1, gelatinous body 1
a: no special abilities


You were on level 3 of the Dungeon.
You were not hungry.

You visited 1 branch of the dungeon, and saw 3 of its levels.

Inventory:

Jewellery
 f - a +4 ring of evasion (left tentacle)
 i - a ring of fire (right tentacle)
Scrolls
 d - a scroll of remove curse
 e - a scroll of identify {unknown}
Potions
 g - a potion of curing {unknown}
Books
 a - a book of Necromancy

   Spells                             Type                      Level
   a - Pain                           Necromancy                   1
   b - Animate Skeleton               Necromancy                   1
   c - Vampiric Draining              Necromancy                   3
   d - Regeneration                   Charms/Necromancy            3
   e - Animate Dead                   Necromancy                   4
   f - Control Undead                 Necromancy                   4
Comestibles
 b - 2 bread rations
 h - a meat ration


   Skills:
 - Level 2.0 Dodging
 - Level 2.6 Stealth
 + Level 2.2 Unarmed Combat
 - Level 2.0 Spellcasting
 - Level 4.0 Necromancy


You had 4 spell levels left.
You knew the following spells:

 Your Spells              Type           Power        Failure   Level  Hunger
a - Pain                  Necr           ###.         3%          1    #......


Dungeon Overview and Level Annotations

Branches:
Dungeon (3/15)

Altars:
Ashenzari


Innate Abilities, Weirdness & Mutations

You cannot wear most types of armour.
You are very stealthy in the water. (Stealth+)
You are amphibious.
You can wear up to eight rings at the same time.
You can use your tentacles to constrict eight enemies at once.
Your skin changes colour to match your surroundings (Stealth+).
Your rubbery body absorbs attacks. (AC +1, EV +1)


Message History

The worm writhes in agony!
You aren't carrying any items that you can evoke.
Casting: Pain
Confirm with . or Enter, or press ? or * to list all spells.
Aiming: Pain
Press: ? - help, Shift-Dir - straight line, f/p - worm
Aim: a worm (almost dead, chance to defeat MR: 80%)
The worm writhes in agony!
You kill the worm!
An orc and an orc wizard come into view.
Casting: Pain
Confirm with . or Enter, or press ? or * to list all spells.
Aiming: Pain
Press: ? - help, Shift-Dir - straight line, f - orc
Aim: an orc, wearing a scale mail (resting, chance to defeat MR: 85%)
The orc shouts!
The orc writhes in agony!
The orc wizard gestures at you while chanting.
The magic dart hits you!
You die...

+......########.......
######................
#.#....##≈#. ...#
###..#≈#≈≈###..#
....)#≈≈≈≈≈≈#...
####.##≈#≈≈#≈≈# #
(.#≈≈≈≈≈≈≈≈# .#
#..≈≈#≈≈≈#≈≈# ..#
##.##≈≈≈≈≈@##...###
#..#≈≈#≈≈≈≈....o..
#..≈##≈≈###.......
#....≈≈## ..o..o.
#...... .......
###..## ####### ##. #


You could see an orc wizard and 2 orcs.

Vanquished Creatures
  A worm (D:3)
  A leopard gecko (D:1)
  2 bats (D:2)
  A giant cockroach (D:3)
  2 goblins
  2 hobgoblins
  A ball python (D:2)
  A frilled lizard (D:2)
  A kobold (D:1)
  2 rats
14 creatures vanquished.

Notes
Turn   | Place    | Note
-------+----------+-------------------------------------------
     0 | D:1      | M4edhros the Octopode Necromancer began the quest for the Orb.
     0 | D:1      | Reached XP level 1. HP: 11/11 MP: 3/3
    59 | D:1      | Reached skill level 1 in Unarmed Combat
    94 | D:2      | Reached XP level 2. HP: 4/17 MP: 1/5
   201 | D:2      | Found a shattered altar of Ashenzari.
   320 | D:3      | Killed from afar by an orc wizard

Skill      XL: |  1  2 |
---------------+-------+-----
Unarmed Combat | 1 2 |  2.2
Dodging        | |  2.0
Stealth        | |  2.6
Spellcasting   | |  2.0
Necromancy     | |  4.0

Action                   || total
-------------------------++-------
Melee: Unarmed           ||    17
       Constrict         ||     5
       Tentacles         ||     4
 Cast: Pain              ||    16
  Use: Scroll            ||     1
 Stab: Sleeping          ||     1
Armor: Skin              ||     2
Dodge: Dodged            ||    10
